 Dungeon Crawl Stone Soup version 0.28.0-45-g0d030f2227 (webtiles) character file.

Game seed: 2626104663131266931

865 CryoSword the Skirmisher (level 8, -2/64 HPs)
             Began as a Formicid Fighter on Apr 8, 2022.
             Slain by an ogre
             ... wielding a +0 giant club
              (30 damage)
             ... on level 5 of the Dungeon.
             The game lasted 00:04:59 (5070 turns).

CryoSword the Skirmisher (Formicid Fighter)         Turns: 5070, Time: 00:05:00

Health: -2/64      AC:  8    Str: 21    XL:     8   Next: 23%
Magic:  8/8        EV: 10    Int:  8    God:
Gold:   205        SH:  5    Dex: 12    Spells: 7/7 levels left

rFire   . . .      SeeInvis +   h - +0 short sword (venom)
rCold   . . .      Faith    .   c - +0 buckler
rNeg    . . .      Spirit   .   b - +0 scale mail
rPois   .          Reflect  .   (helmet unavailable)
rElec   .          Harm     .   (no cloak)
rCorr   .          Rampage  .   (no gloves)
Will    +....                   q - +0 pair of boots
Stlth   ..........              (no amulet)
HPRegen 0.20/turn               n - ring of willpower
MPRegen 0.11/turn               (no ring)

@: no status effects
A: permanent stasis, dig shafts and tunnels, antennae 3, four strong arms
a: Dig, Shaft Self


You were on level 5 of the Dungeon.
You visited 1 branch of the dungeon, and saw 5 of its levels.

You collected 205 gold pieces.

Inventory:

Hand Weapons
 a - a +0 quarterstaff
 h - a +0 short sword of venom (weapon)
   (You found it on level 2 of the Dungeon)
Missiles
 k - 5 poisoned darts (quivered)
Armour
 b - a +0 scale mail (worn)
 c - a +0 buckler (worn)
 q - a +0 pair of boots (worn)
   (You found it on level 4 of the Dungeon)
Jewellery
 n - a ring of willpower (left hand)
   (You found it on level 3 of the Dungeon)
Scrolls
 e - 2 scrolls of identify {@r1}
 g - 2 scrolls of fear
 p - a scroll of amnesia {unknown}
 r - 2 scrolls of noise {unknown}
Potions
 d - a potion of might
 i - a potion of invisibility
 j - a potion of mutation {unknown}
 l - 3 potions of lignification {!q}
 m - a potion of degeneration {unknown}
 o - 2 potions of curing {unknown}


   Skills:
 * Level 5.7 Fighting
 * Level 4.9 Staves
 + Level 2.3 Throwing
 + Level 4.9 Armour
 + Level 2.3 Dodging
 + Level 5.2 Shields


You had 7 spell levels left.
You didn't know any spells.
Your spell library contained the following spells:

 Spells                   Type           Power      Damage    Failure   Level
 Apportation              Tloc           0%         N/A       80%         1
 Alistair's Intoxication  Tmut/Pois      0%         N/A       100%        5


Dungeon Overview and Level Annotations

Branches:
Dungeon (5/15)
 Temple: D:4-7

Altars:


Innate Abilities, Weirdness & Mutations

You cannot be hasted, slowed, berserked, paralysed or teleported.
You can dig through walls and to a lower floor.
You have a pair of large antennae on your head. (SInv)
Your four strong arms can wield two-handed weapons with a shield.


Message History

You completely miss the ice beast.
The ice beast hits you but does no damage.
The ice beast hits you. The ice beast freezes you!
You closely miss the ice beast.
The ice beast hits you but does no damage.
You closely miss the ice beast. The ice beast barely misses you.
You completely miss the ice beast. The ice beast misses you.
You hit the ice beast. The ice beast barely misses you.
You hit the ice beast but do no damage.
The ice beast is poisoned.
The ice beast barely misses you.
You closely miss the ice beast.
The ice beast hits you but does no damage.
An ice beast is nearby!
An ice beast is nearby!
You hit the ice beast.
The ice beast hits you but does no damage.
You barely miss the ice beast. The ice beast barely misses you.
You hit the ice beast. The ice beast barely misses you.
You block the ice beast's attack.
You hit the ice beast but do no damage.
The ice beast hits you but does no damage.
You hit the ice beast but do no damage. The ice beast barely misses you.
You hit the ice beast. The ice beast hits you. The ice beast freezes you.
You are too injured to fight recklessly!
You are too injured to fight recklessly!
You are too injured to fight recklessly!
You are too injured to fight recklessly!
You are too injured to fight recklessly!
You are too injured to fight recklessly!
You are too injured to fight recklessly!
You are too injured to fight recklessly!
You are too injured to fight recklessly!
You are too injured to fight recklessly!
You are too injured to fight recklessly!
You hit the ice beast.
You kill the ice beast!
Your Throwing skill increases to level 2!
You have reached level 8!
You feel stronger.
Found a stone staircase leading up.
o - 2 viscous white potions (gained 1)
You sense a monster nearby.
A wyvern skeleton comes into view.
A wyvern skeleton is nearby!
A wyvern skeleton is nearby!
You see here a scroll of identify {@r1}.
You puncture the wyvern skeleton! The wyvern skeleton bites you.
The wyvern skeleton bites you but does no damage.
You hit the wyvern skeleton. The wyvern skeleton barely misses you.
You hit the wyvern skeleton but do no damage.
You block the wyvern skeleton's attack.
You hit the wyvern skeleton but do no damage.
The wyvern skeleton bites you but does no damage.
The wyvern skeleton bites you.
You puncture the wyvern skeleton! The wyvern skeleton bites you.
You hit the wyvern skeleton.
The wyvern skeleton bites you but does no damage.
You block the wyvern skeleton's attack.
You hit the wyvern skeleton. The wyvern skeleton bites you.
You puncture the wyvern skeleton! The wyvern skeleton barely misses you.
The wyvern skeleton bites you.
You hit the wyvern skeleton but do no damage.
The wyvern skeleton bites you.
The wyvern skeleton bites you but does no damage.
You are too injured to fight recklessly!
You are too injured to fight recklessly!
You are too injured to fight recklessly!
You are too injured to fight recklessly!
You are too injured to fight recklessly!
You are too injured to fight recklessly!
You are too injured to fight recklessly!
You are too injured to fight recklessly!
A wyvern skeleton is nearby!
You hit the wyvern skeleton. The wyvern skeleton closely misses you.
You hit the wyvern skeleton. The wyvern skeleton barely misses you.
You hit the wyvern skeleton.
You destroy the wyvern skeleton!
e - a scroll of identify {@r1}
Found a stone staircase leading down.
You sense a monster nearby.
An ogre comes into view. It is wielding a +0 giant spiked club.
The ogre shouts!
You hit the ogre.
The ogre is poisoned.
The ogre hits you with a +0 giant spiked club!!
You are too injured to fight recklessly!
You are too injured to fight recklessly!
You barely miss the ogre. You block the ogre's attack.
The ogre barely misses you.
You hit the ogre.
The ogre looks as sick as possible!
The ogre barely misses you.
You kill the ogre!
Things that are here:
a +0 giant spiked club; an ogre corpse
Found a stone staircase leading down.
Found an escape hatch in the floor.
Found 7 stones.
A hound zombie comes into view.
A hound zombie is nearby!
A hound zombie is nearby!
A hound zombie is nearby!
The hound zombie barely misses you.
You hit the hound zombie. The hound zombie bites you. x2
You hit the hound zombie.
The hound zombie bites you but does no damage.
You hit the hound zombie. The hound zombie barely misses you.
You barely miss the hound zombie.
The hound zombie bites you but does no damage. x2
You hit the hound zombie.
The hound zombie bites you but does no damage.
You closely miss the hound zombie.
The hound zombie bites you but does no damage. x2
You puncture the hound zombie! The hound zombie bites you.
You barely miss the hound zombie. You block the hound zombie's attack.
The hound zombie barely misses you.
You hit the hound zombie.
The hound zombie bites you but does no damage.
The hound zombie barely misses you.
You hit the hound zombie.
You destroy the hound zombie!
No target in view!
No target in view!
No target in view!
No target in view!
No target in view!
No target in view!
You now have 205 gold pieces (gained 12).
e - 2 scrolls of identify {@r1} (gained 1)
An ogre comes into view. It is wielding a +0 giant club.
The ogre shouts!
An ogre is nearby!
An ogre is nearby!
An ogre is nearby!
You see here a scroll labelled CIXTIPH HYUSUA.
You barely miss the ogre.
The ogre hits you with a +0 giant club!!
You are too injured to fight recklessly!
You are too injured to fight recklessly!
You are too injured to fight recklessly!
Throw: 6 darts (poison)
Aim: an ogre, wielding a +0 giant club (75% to hit)
You throw a poisoned dart. The poisoned dart hits the ogre.
The ogre is poisoned.
You hit the ogre but do no damage.
The ogre looks even sicker.
The ogre closely misses you.
You hit the ogre. The ogre hits you with a +0 giant club!
* * * LOW HITPOINT WARNING * * *
You puncture the ogre!
The ogre looks as sick as possible!
The ogre misses you.
You hit the ogre.
The ogre looks as sick as possible!
The ogre hits you with a +0 giant club!!
You die...

#....#.# #.. #....#.# #.#####
#....#.# #.....# .... #.##.#.#
#.....# #......# #....#.# #.....#
#......# ####....#####.....#
#......# ........#...#.....#
#......
####...##...#.....########...#.##
................@O(..........#(..
.###...##...##########...........
.# #...##...# #........... .#
#...##...# #...........
.############ #>..........
........ #........... .#######
#.......>... .# #...........
.######## ####..?...##


You could see an ogre (extremely poisoned).

Vanquished Creatures
  Sigmund (D:3)
  Eustachio (D:4)
  An ice beast (D:5)
  An ogre (D:5)
  A phantom (D:4)
  A wyvern skeleton (D:5)
  An orc priest (D:4)
  A hound (D:4)
  2 iguanas (D:4)
  A hound zombie (D:5)
  A hound skeleton (D:4)
  4 adders
  A shadow imp (D:4)
  An adder skeleton (D:4)
  A worm (D:2)
  4 dart slugs
  7 orcs (D:4)
  8 ball pythons
  8 endoplasms
  3 giant cockroaches
  6 goblins
  9 hobgoblins
  3 jackals (D:1)
  3 kobolds
  4 quokkas
  5 bats
  4 frilled lizards
  A quokka skeleton (D:4)
  4 rats
88 creatures vanquished.

Notes
Turn   | Place    | Note
-------+----------+-------------------------------------------
     0 | D:1      | CryoSword the Formicid Fighter began the quest for the Orb.
     0 | D:1      | Reached XP level 1. HP: 18/18 MP: 1/1
    77 | D:1      | Reached XP level 2. HP: 24/24 MP: 2/2
   346 | D:1      | Reached XP level 3. HP: 27/29 MP: 3/3
   486 | D:1      | Found a faded altar of an unknown god.
  1061 | D:2      | Reached XP level 4. HP: 36/37 MP: 4/4
  1822 | D:3      | Noticed Sigmund
  1835 | D:3      | Killed Sigmund
  1836 | D:3      | Reached skill level 1 in Throwing
  1836 | D:3      | Reached skill level 1 in Dodging
  1836 | D:3      | Reached XP level 5. HP: 34/43 MP: 5/5
  1836 | D:3      | Reached XP level 6. HP: 39/49 MP: 6/6
  2287 | D:3      | You fall into a shaft and drop 1 floor!
  2958 | D:4      | Noticed Eustachio
  2994 | D:4      | Killed Eustachio
  2995 | D:4      | Reached skill level 5 in Fighting
  2995 | D:4      | Reached XP level 7. HP: 45/56 MP: 7/7
  3685 | D:4      | Reached skill level 5 in Shields
  4267 | D:5      | Entered Level 5 of the Dungeon
  4267 | D:5      | Noticed a two-headed ogre
  4517 | D:5      | Reached XP level 8. HP: 42/63 MP: 8/8
  5070 | D:5      | Slain by an ogre

Illustrated notes

Levels and vault maps discovered:
D:1:      psy_arrival_statuary, layout_basic, dreamdust_ecumenical_altar_grove
D:2:      layout_rooms
D:3:      layout_basic, kennysheep_generic_room_4, uniq_sigmund
D:4:      cheibrodos_pilgrimage, layout_loops_corners,
          hangedman_abyss_or_decor_stabs, sigmund_army, uniq_eustachio
D:5:      layout_basic

Skill      XL: |  1  2  3  4  5  6  7 |
---------------+----------------------+-----
Shields        | 4 5 |  5.2
Staves         | 3 4 |  4.9
Fighting       | 4 5 |  5.7
Throwing       | 1 2 |  2.3
Armour         | 4 |  4.9
Dodging        | 1 2 |  2.3

Action                   |  1- 3 |  4- 6 |  7- 9 || total
-------------------------+-------+-------+-------++-------
Melee: Quarterstaff      |    70 |       |       ||    70
       Short sword       |     8 |   104 |   137 ||   249
Throw: Dart              |       |       |     1 ||     1
 Abil: Dig               |       |     5 |       ||     5
  Use: Scroll            |       |     4 |       ||     4
Armor: Scale mail        |    26 |    24 |    50 ||   100
Dodge: Dodged            |    23 |    37 |    66 ||   126
Block: Buckler           |    14 |    28 |    26 ||    68
